 Dungeon Crawl Stone Soup version 0.27-a0-522-g46bbb28828 (webtiles) character file.

Game seed: 15904004262875538667

118 kae the Chopper (level 5, -15/47 HPs)
             Began as a Hill Orc Fighter on Mar 4, 2021.
             Killed from afar by a centaur (25 damage)
             ... with a bolt of acid
             ... on level 3 of the Dungeon.
             The game lasted 00:01:11 (2144 turns).

kae the Chopper (Hill Orc Fighter)                  Turns: 2144, Time: 00:01:12

Health: -15/47     AC:  4    Str: 20    XL:     5   Next: 2%
Magic:  5/5        EV:  7    Int:  8    God:
Gold:   117        SH:  9    Dex: 10    Spells: 4/4 levels left

rFire    . . .     SeeInvis .   a - +0 war axe
rCold    . . .     Faith    .   c - +0 kite shield
rNeg     . . .     Spirit   .   b - +0 scale mail
rPois    .         Reflect  .   (no helmet)
rElec    .         Harm     .   h - +0 cloak
rCorr    .         Rampage  .   (no gloves)
Will     .....                  (no boots)
Stlth    ..........             o - amulet of regeneration
HPRegen  1.15/turn              l - ring of wizardry
MPRegen  0.09/turn              (no ring)

@: corroded
A: no striking features
a: no special abilities


You were on level 3 of the Dungeon.
You visited 1 branch of the dungeon, and saw 3 of its levels.

You collected 117 gold pieces.

Inventory:

Hand Weapons
 a - a +0 war axe (weapon)
Armour
 b - a +0 scale mail (worn)
 c - a +0 kite shield (worn)
 h - a +0 cloak (worn)
Jewellery
 l - a ring of wizardry (left hand)
 o - an amulet of regeneration (around neck)
Scrolls
 e - a scroll of fog {unknown}
 f - a scroll of enchant armour {unknown}
 g - 2 scrolls of identify {unknown}
 i - 2 scrolls of immolation {unknown}
 j - a scroll of enchant weapon {unknown}
 k - a scroll of random uselessness {unknown}
 n - a scroll of teleportation {unknown}
Potions
 d - 2 potions of might
 m - a potion of haste {unknown}


   Skills:
 + Level 4.7 Fighting
 * Level 5.7 Axes
 - Level 3.2 Armour
 - Level 3.2 Shields


You had 4 spell levels left.
You didn't know any spells.
Your spell library was empty.

Dungeon Overview and Level Annotations

Branches:
Dungeon (3/15)

Altars:
Fedhas
Gozag
Okawaru
Trog
Yredelemnul


Message History

There are monsters nearby!
You barely miss the centaur.
The centaur is moderately wounded.
The centaur zaps a wand.
The bolt of acid hits you! The acid corrodes you!
You are splashed with acid!
The centaur hits you with a +0 whip.
You are too injured to fight recklessly!
There are monsters nearby!
You are too injured to fight recklessly!
You are too injured to fight recklessly!
You are too injured to fight recklessly!
You are too injured to fight recklessly!
You are too injured to fight recklessly!
You are too injured to fight recklessly!
You hit the centaur.
The centaur is heavily wounded.
The centaur hits you but does no damage.
The centaur barely misses you.
A hound zombie comes into view.
The centaur hits you but does no damage.
You closely miss the centaur.
The centaur is heavily wounded.
You block the centaur's attack. x2
You hit the centaur but do no damage.
The centaur is heavily wounded.
The centaur hits you with a +0 whip. x2
You barely miss the centaur.
The centaur is heavily wounded.
The centaur zaps a wand.
The bolt of acid misses you. The centaur hits you with a +0 whip.
Your shield prevents you from hitting the centaur.
The centaur is heavily wounded.
The centaur hits you with a +0 whip!
* * * LOW HITPOINT WARNING * * *
The centaur zaps a wand.
The bolt of acid misses you.
You barely miss the centaur.
The centaur is heavily wounded.
You block the centaur's attack.
The centaur zaps a wand.
The bolt of acid hits you!!
Ouch! That really hurt!
You die...

...#.................
..#########...######.
..# #...# #.# #...#
..# #...#### #.#
#...#.. #.# #...#.# #
#.# #...#.###..# ..#
##....@cZ..# ###
####.##Z..... #.#
..### ... .# ..... #
.#####. #. .# # .


You could see a centaur, a hound zombie and a hound skeleton.

Vanquished Creatures
  2 adders
  4 adder skeletons (D:3)
  2 adder zombies (D:3)
  A worm (D:2)
  4 dart slugs
  2 leopard geckos
  An orc (D:3)
  5 giant cockroaches
  9 goblins
  9 hobgoblins
  4 jackals
  A ball python (D:1)
  7 bats
  2 frilled lizards
  10 kobolds
  5 rats
68 creatures vanquished.

Notes
Turn   | Place    | Note
-------+----------+-------------------------------------------
     0 | D:1      | kae the Hill Orc Fighter began the quest for the Orb.
     0 | D:1      | Reached XP level 1. HP: 19/19 MP: 1/1
    36 | D:1      | Reached skill level 3 in Axes
    38 | D:1      | Reached XP level 2. HP: 18/27 MP: 2/2
   465 | D:1      | Reached skill level 4 in Axes
   466 | D:1      | Reached XP level 3. HP: 26/33 MP: 3/3
  1135 | D:2      | Found a bloodstained altar of Trog.
  1434 | D:2      | Reached XP level 4. HP: 41/41 MP: 4/4
  1508 | D:2      | Reached skill level 5 in Axes
  1754 | D:2      | Found an opulent altar of Gozag.
  1763 | D:2      | Found a blossoming altar of Fedhas.
  1864 | D:3      | Found an iron altar of Okawaru.
  2021 | D:3      | Reached XP level 5. HP: 46/47 MP: 5/5
  2022 | D:3      | Found a basalt altar of Yredelemnul.
  2131 | D:3      | Noticed a centaur
  2144 | D:3      | Killed from afar by a centaur

Illustrated notes

Levels and vault maps discovered:
D:1:      co_arrival_hexagon_in_a_hexagon, layout_loops_cross,
          minmay_small_reverse_x
D:2:      layout_rooms, amethyst_overflow_temple_binary, lemuel_crystal_altar
D:3:      layout_loops_cross, okawaru_ov_weapons_minmay, old_standard_altar,
          serial_undead, serial_undead_e, serial_undead_e, serial_undead_d,
          serial_undead_b, serial_undead_e, serial_undead_a, serial_undead_e,
          serial_undead_c, serial_undead_c, serial_undead_e, hex_medium

Skill      XL: |  1  2  3  4 |
---------------+-------------+-----
Axes           | 3 4 5 |  5.7
Fighting       | 4 |  4.7
Armour         | |  3.2
Shields        | |  3.2

Action                   |  1- 3 |  4- 6 || total
-------------------------+-------+-------++-------
Melee: War axe           |   143 |    69 ||   212
  Use: Potion            |     3 |     2 ||     5
Armor: Scale mail        |    98 |    26 ||   124
Dodge: Dodged            |    74 |    18 ||    92
Block: Kite shield       |    96 |    29 ||   125

Table legend: (Time is in decaauts)
 A = Elapsed time spent in this place.
 B = Non-inter-level travel time spent in this place.
 C = Inter-level travel time spent in this place.
 D = Time resting spent in this place.
 E = Time spent auto-exploring this place.
 F = Levels seen in this place.
 G = Mean time per level.
                   A        B        C        D        E       F      G
               +--------+--------+--------+--------+--------+-----+--------+
         Total |   2252 |   2205 |     47 |      0 |   1661 |   3 |  750.7 |
       Dungeon |   2252 |   2205 |     47 |      0 |   1661 |   3 |  750.7 |
               +--------+--------+--------+--------+--------+-----+--------+

Top non-repeatable levels by time:
     D:1: 1194 daAuts
     D:2: 714 daAuts
     D:3: 342 daAuts
